 Dungeon Sprint DCSS version 0.16.2-12-gd0ad4c3 (webtiles) character file.

238 musteatbrain the Skirmisher (level 5, -5/38 HPs)
             Began as a High Elf Fighter on Oct 16, 2015.
             Was the Champion of Jiyva.
             Slain by a vault guard (7 damage)
             ... in the Dungeon (Sprint V: "Ziggurat Sprint").
             The game lasted 00:09:32 (292 turns).

musteatbrain the Skirmisher (High Elf Fighter)       Turns: 292, Time: 00:09:32

Health: -5/38      AC: 29    Str: 32    XL:     5   Next: 78%
Magic:  8/8        EV:  2    Int: 11    God:    Jiyva [******]
Gold:   0          SH: 30    Dex: 20    Spells: 0 memorised, 4 levels left

rFire  . . .     SeeInvis .     M - +9 Sword of Zonguldrok {reap, Curse} (curse)
rCold  . . .     Clarity  +     K - +15 Maxwell's patent armour {-Cast -Tele rElec MR+ rCorr} (curse)
rNeg   + . .     SustAb   .     L - +18 shield of the gong {rElec rN+ MR+ EV-5}
rPois  .         Gourm    .     (no helmet)
rElec  +         Spirit   .     (no cloak)
rCorr  +         Warding  .     (no gloves)
rMut   .         NoTele   +     (no boots)
MR     ++...     NoCast   +     (no amulet)
Stlth  ..........               I - +6 ring of strength
                                J - +6 ring of strength

@: mighty, lethally poisoned (-5 -> -8), very resistant to hostile enchantments,
extremely unstealthy
A: iridescent scales 1, molten scales 1, agile 2, clarity, frail 1, gelatinous
body 2, pseudopods 2, tendrils, placid magic 1
a: Request Jelly, Jelly Paralyse, Slimify, Cure Bad Mutation, Renounce Religion


You were in the Dungeon.
You worshipped Jiyva.
Jiyva was exalted by your worship.
You were completely stuffed.

You visited 1 branch

Inventory:

Hand weapons
 a - the +7 Singing Sword
   (You found it in the Dungeon)
 c - the +0 Sword of Power
   (You found it in the Dungeon)
 G - the +14 plutonium sword {Contam Stlth-}
   (You found it in the Dungeon)

   It causes magical contamination when unequipped.
   It makes you less stealthy.
 H - the +15 heavy crossbow "Sniper" {velocity, SInv}
   (You found it in the Dungeon)

   Any bolt fired from it inflicts extra damage.
   It enhances your eyesight.
 M - the cursed +9 Sword of Zonguldrok (weapon) {reap, Curse}
   (You found it in the Dungeon)

   If a monster killed with it leaves a corpse in good enough shape, the corpse
   will be animated as a zombie friendly to the killer.
   It may re-curse itself when equipped.
   It has a curse placed upon it.
Armour
 K - the cursed +15 Maxwell's patent armour (worn) {-Cast -Tele rElec MR+ rCorr}
   (You found it in the Dungeon)

   It insulates you from electricity.
   It affects your resistance to hostile enchantments.
   It prevents spellcasting.
   It prevents most forms of teleportation.
   It protects you from acid and corrosion.
   It has a curse placed upon it.
 L - the +18 shield of the gong (worn) {rElec rN+ MR+ EV-5}
   (You found it in the Dungeon)

   It affects your evasion (-5).
   It insulates you from electricity.
   It protects you from negative energy.
   It affects your resistance to hostile enchantments.
Jewellery
 E - a +6 ring of dexterity
 F - a +6 ring of dexterity
 I - a +6 ring of strength (right hand)
 J - a +6 ring of strength (left hand)
Magical devices
 y - a wand of disintegration (7)
 B - a wand of fire (5)
 C - a wand of cold (5)
 D - a wand of draining (2)
Scrolls
 k - 4 scrolls of blinking
 n - 4 scrolls of amnesia
 o - 3 scrolls of recharging
 p - 7 scrolls of fog
 q - a scroll of holy word
 r - 5 scrolls of identify
 s - 5 scrolls of remove curse
 t - 2 scrolls of fear
Potions
 e - 5 potions of might
 f - 10 potions of curing
 g - 10 potions of heal wounds
 h - 6 potions of haste
 i - 7 potions of magic
 j - 3 potions of berserk rage
 u - 2 potions of brilliance
 v - 2 potions of invisibility
 w - 2 potions of restore abilities
 x - 4 potions of resistance
 z - a potion of experience
 A - 5 potions of agility
Miscellaneous
 b - a disc of storms
Comestibles
 d - 5 bread rations
 l - 42 fruits
 m - 4 meat rations


   Skills:
 + Level 7.2 Fighting
 + Level 4.7 Long Blades
 + Level 6.8 Armour
 + Level 6.5 Shields
 + Level 0.7 Evocations


You had 4 spell levels left.
You didn't know any spells.

Dungeon Overview and Level Annotations

Branches:
Dungeon (1/1)

Altars:
Ashenzari
Cheibriados
Dithmenos
Elyvilon
Fedhas
Gozag
Kikubaaqudgha
Makhleb
Nemelex Xobeh
Okawaru
Qazlal
Ru
Sif Muna
Trog
Vehumet
Xom
Yredelemnul
Zin
The Shining One
Beogh
Jiyva
Lugonu


Innate Abilities, Weirdness & Mutations

You are partially covered in iridescent scales (AC +4).
You are partially covered in molten scales (AC +1).
You are very agile. (Dex +4)
You possess an exceptional clarity of mind.
You are frail (-10% HP).
Your pliable body absorbs attacks (AC +1, EV +1).
Armour fits poorly on your large pseudopods.
Thin tendrils of slime have grown from your body.
Your spells are a little easier to cast, but a little less powerful.


Message History

GONNNNG!
The orc knight hits you with a +2 war axe of freezing.
The orc knight freezes you.
Your tendrils lash around the orc knight's +2 war axe of freezing and pull it to the ground!
You hear a distant slurping noise.
Jiyva appreciates your sacrifice.
You feel a little less hungry.
You feel a little better.
You block the ironheart preserver's attack.
GONNNNG!
The merfolk aquamancer gestures wildly while chanting.
The merfolk aquamancer blinks!
The blue devil hits you!
You shudder from the blow and a jelly pops out!
The freezing wraith hits you. The freezing wraith freezes you!
* * * LOW HITPOINT WARNING * * *
You shudder from the blow and a jelly pops out!
You block the freezing wraith's attack.
PANG!
The ironbrand convoker casts a spell at the vault guard.
The vault guard seems to grow stronger.
The vault guard hits you!
You die...

▓▓▓▓▓▓▓▓▓▓▓▓▓
▓.8©8.▓.8©8.▓
▓.|").▓.....▓
▓.....▓.JJJ.▓
▓.....▓.....▓
▓.p§Jm▓..^..▓
▓.poWJ▓.....▓
▓W4@pp▓▓▓▓▓▓▓
▓▓▓▓▓▓▓


You could see an ironheart preserver, 2 vault guards, an orc knight, a merfolk
aquamancer, an ironbrand convoker, 2 freezing wraiths, a blue devil, a friendly
acid blob and a friendly death ooze.

Vanquished Creatures
  A jumping spider (D)
  A naga (D)
  A giant mite (D)
3 creatures vanquished.

Vanquished Creatures (others)
  A giant mite zombie (D)
1 creature vanquished.

Grand Total: 4 creatures vanquished

Notes
Turn   | Place    | Note
--------------------------------------------------------------
     0 | D        | musteatbrain, the High Elf Fighter, began the quest for the Orb.
     0 | D        | Reached XP level 1. HP: 16/16 MP: 2/2
     0 | D        | Found a basalt altar of Yredelemnul.
     0 | D        | Found an iron altar of Okawaru.
     2 | D        | Found a radiant altar of Vehumet.
     2 | D        | Found a shimmering altar of Xom.
     4 | D        | Found a burning altar of Makhleb.
     6 | D        | Found a deep blue altar of Sif Muna.
     7 | D        | Found a white marble altar of Elyvilon.
     8 | D        | Found a corrupted altar of Lugonu.
     8 | D        | Found a sparkling altar of Nemelex Xobeh.
     8 | D        | Found a bloodstained altar of Trog.
    15 | D        | Found a viscous altar of Jiyva.
   157 | D        | Became a worshipper of Jiyva JulJoar the Shapeless
   162 | D        | Acquired Jiyva's first power
   165 | D        | Acquired Jiyva's second power
   173 | D        | Gained mutation: Armour fits poorly on your pseudopods. [Jiyva's grace]
   173 | D        | Acquired Jiyva's third power
   173 | D        | Gained mutation: You are partially covered in icy blue scales (AC +1). [Jiyva's grace]
   173 | D        | Acquired Jiyva's fourth power
   173 | D        | Gained mutation: You are partially covered in yellow scales (AC +2). [Jiyva's grace]
   173 | D        | Gained mutation: You are partially covered in molten scales (AC +1). [Jiyva's grace]
   173 | D        | Gained mutation: You are agile. (Dex +2) [Jiyva's grace]
   173 | D        | Lost mutation: You are agile. (Dex +2) [Jiyva's grace]
   173 | D        | Gained mutation: Your muscles are strong. (Str +2) [Jiyva's grace]
   173 | D        | Gained mutation: You are resistant to electric shocks. [Jiyva's grace]
   173 | D        | Gained mutation: You can spit poison. [Jiyva's grace]
   173 | D        | Gained mutation: You have a small jelly attached to you that senses nearby items. [Jiyva's grace]
   174 | D        | Gained mutation: You possess an exceptional clarity of mind. [Jiyva's grace]
   174 | D        | Lost mutation: You have a small jelly attached to you that senses nearby items. [Jiyva's grace]
   174 | D        | Gained mutation: Armour fits poorly on your large pseudopods. [Jiyva's grace]
   178 | D        | Lost mutation: Your muscles are strong. (Str +2) [Jiyva's grace]
   178 | D        | Gained mutation: You are resistant to hostile enchantments. [Jiyva's grace]
   178 | D        | Gained mutation: Your body is partially covered in golden eyeballs (Acc +3). [Jiyva's grace]
   180 | D        | Lost mutation: You possess an exceptional clarity of mind. [Jiyva's grace]
   180 | D        | Gained mutation: You possess an exceptional clarity of mind. [Jiyva's grace]
   180 | D        | Lost mutation: You are partially covered in molten scales (AC +1). [Jiyva's grace]
   181 | D        | Gained mutation: Your rubbery body absorbs attacks (AC +1). [Jiyva's grace]
   181 | D        | Lost mutation: You are resistant to hostile enchantments. [Jiyva's grace]
   183 | D        | Gained mutation: Thin tendrils of slime have grown from your body. [Jiyva's grace]
   183 | D        | Lost mutation: You are partially covered in yellow scales (AC +2). [Jiyva's grace]
   183 | D        | Lost mutation: Your body is partially covered in golden eyeballs (Acc +3). [Jiyva's grace]
   183 | D        | Lost mutation: You can spit poison. [Jiyva's grace]
   183 | D        | Gained mutation: You are somewhat resistant to further mutation. [Jiyva's grace]
   183 | D        | Gained mutation: You are resistant to hostile enchantments. [Jiyva's grace]
   185 | D        | Lost mutation: You are resistant to electric shocks. [Jiyva's grace]
   185 | D        | Lost mutation: You are resistant to hostile enchantments. [Jiyva's grace]
   186 | D        | Gained mutation: Armour fits poorly on your strangely shaped body. [Jiyva's grace]
   186 | D        | Gained mutation: You are partially covered in molten scales (AC +1). [Jiyva's grace]
   186 | D        | Lost mutation: Armour fits poorly on your strangely shaped body. [Jiyva's grace]
   186 | D        | Lost mutation: You are somewhat resistant to further mutation. [Jiyva's grace]
   186 | D        | Gained mutation: Your pliable body absorbs attacks (AC +1, EV +1). [Jiyva's grace]
   187 | D        | Gained mutation: You have supernaturally acute eyesight. [Jiyva's grace]
   188 | D        | Gained mutation: You are agile. (Dex +2) [Jiyva's grace]
   194 | D        | Gained mutation: You can spit poison. [Jiyva's grace]
   200 | D        | Lost mutation: You have supernaturally acute eyesight. [Jiyva's grace]
   206 | D        | Gained mutation: Your body is slowly deteriorating. [Jiyva's grace]
   210 | D        | Lost mutation: Your body is slowly deteriorating. [Jiyva's grace]
   215 | D        | Gained mutation: You are very agile. (Dex +4) [Jiyva's grace]
   222 | D        | Lost mutation: You can spit poison. [Jiyva's grace]
   225 | D        | Gained mutation: Your natural rate of healing is unusually fast. [Jiyva's grace]
   230 | D        | Gained mutation: You are partially covered in iridescent scales (AC +4). [Jiyva's grace]
   233 | D        | Lost mutation: You are partially covered in icy blue scales (AC +1). [Jiyva's grace]
   239 | D        | Lost mutation: You possess an exceptional clarity of mind. [Jiyva's grace]
   246 | D        | Lost mutation: Thin tendrils of slime have grown from your body. [Jiyva's grace]
   252 | D        | Lost mutation: Your natural rate of healing is unusually fast. [Jiyva's grace]
   256 | D        | Gained mutation: Your spells are a little easier to cast, but a little less powerful. [Jiyva's grace]
   263 | D        | Gained mutation: Scrolls take you a little longer to read. [Jiyva's grace]
   267 | D        | Entered arena 1.
   267 | D        | Noticed a jumping spider
   267 | D        | Lost mutation: Scrolls take you a little longer to read. [Jiyva's grace]
   271 | D        | Killed a jumping spider
   271 | D        | Reached skill level 6 in Fighting
   271 | D        | Reached skill level 5 in Armour
   271 | D        | Reached skill level 5 in Shields
   271 | D        | Reached XP level 2. HP: 21/25 MP: 3/3
   271 | D        | Reached XP level 3. HP: 25/30 MP: 5/5
   271 | D        | Reached XP level 4. HP: 30/36 MP: 7/7
   271 | D        | Lost mutation: You are partially covered in molten scales (AC +1). [Jiyva's grace]
   276 | D        | Gained mutation: You are frail (-10% HP). [Jiyva's grace]
   281 | D        | Entered arena 2.
   281 | D        | Noticed an ironbrand convoker
   281 | D        | Noticed an ironheart preserver
   281 | D        | Noticed an orc knight
   281 | D        | Gained mutation: Thin tendrils of slime have grown from your body. [Jiyva's grace]
   287 | D        | Noticed a freezing wraith
   287 | D        | Noticed a freezing wraith
   287 | D        | Noticed a blue devil
   287 | D        | Noticed a vault guard
   287 | D        | Noticed a vault guard
   287 | D        | Noticed a naga
   287 | D        | Noticed a merfolk aquamancer
   287 | D        | Gained mutation: You possess an exceptional clarity of mind. [Jiyva's grace]
   290 | D        | Killed a naga
   290 | D        | Reached skill level 7 in Fighting
   290 | D        | Reached XP level 5. HP: 33/38 MP: 8/8
   290 | D        | Gained mutation: You are partially covered in molten scales (AC +1). [Jiyva's grace]
   292 | D        | Slain by a vault guard

Action                   |  1- 3 |  4- 6 || total
-------------------------+-------+-------++-------
Melee: Double sword      |     2 |     7 ||     9
Invok: Request Jelly     |     4 |       ||     4
Evoke: Wand              |       |     3 ||     3
  Use: Potion            |       |     1 ||     1
